 Dungeon Crawl Stone Soup version 0.18.1-5-g4a78601 (webtiles) character file.

10469 LORDOFBUTT the Cleaver (level 11, -18/86 HPs)
             Began as a Demonspawn Berserker on May 10, 2016.
             Was a High Priest of Trog.
             Killed from afar by Harold (48 damage)
             ... with a bolt of fire
             ... on level 10 of the Dungeon.
             The game lasted 00:17:27 (8115 turns).

LORDOFBUTT the Cleaver (Demonspawn Berserker)       Turns: 8115, Time: 00:17:27

Health: -18/86     AC: 21    Str: 17    XL:     11   Next: 36%
Magic:  11/11      EV: 20    Int: 11    God:    Trog [*****.]
Gold:   706        SH:  0    Dex: 21    Spells: 0 memorised, 10 levels left

rFire  x . .     SeeInvis +     G - +2 battleaxe "Cuergheri" {freeze, rPois MR++ Int+2 SInv}
rCold  + + +     Gourm    .     g - +1 ice dragon armour
rNeg   + . .     Faith    .     (shield currently unavailable)
rPois  +         Spirit   .     (helmet unavailable)
rElec  .         Dismiss  +     (no cloak)
rCorr  +         Reflect  .     (no gloves)
SustAt .         Harm     .     (no boots)
MR     ++...     Clarity  +     B - amulet of dismissal
Stlth  ++........               b - ring of resist corrosion
                                s - +6 ring of protection

@: agile, very resistant to hostile enchantments, unstealthy
A: antennae 3, icy blue scales 2, clarity, cold resistance 1, negative energy
resistance 1, powered by death 1, powered by pain 1
a: Berserk, Trog's Hand, Brothers in Arms, Burn Spellbooks, Renounce Religion


You were on level 10 of the Dungeon.
You worshipped Trog.
Trog was extremely pleased with you.
You were not hungry.

You visited 1 branch of the dungeon, and saw 10 of its levels.
You also visited: Sewer.

You collected 706 gold pieces.

Inventory:

Hand Weapons
 n - a +2 war axe
 q - a +0 blowgun
 A - a +1 spear of piercing
 G - the +2 battleaxe "Cuergheri" (weapon) {freeze, rPois MR++ Int+2 SInv}
   (Trog gifted it to you on level 9 of the Dungeon)

   It has been specially enchanted to freeze those struck by it, causing extra
   injury to most foes and up to half again as much damage against particularly
   susceptible opponents.
   It can also slow down cold-blooded creatures.
   It affects your intelligence (+2).
   It protects you from poison.
   It affects your resistance to hostile enchantments.
   It lets you see invisible.
Missiles
 r - 43 poisoned needles
Armour
 g - a +1 ice dragon armour (worn)
Jewellery
 b - a ring of resist corrosion (right hand)
 d - an uncursed ring of loudness
 j - an uncursed amulet of regeneration
 s - a +6 ring of protection (left hand)
 u - an uncursed ring of wizardry
 B - an amulet of dismissal (around neck)
 E - an uncursed ring of teleportation
Wands
 y - a wand of random effects (34/48)
 F - a wand of flame (16/48)
Scrolls
 e - 4 scrolls of teleportation
 m - 2 scrolls of fear
 w - 5 scrolls of amnesia
 C - a scroll of magic mapping {unknown}
Potions
 a - a potion of agility
 f - 2 potions of resistance
 h - a potion of cure mutation {unknown}
 i - a potion of lignification {unknown}
 k - a potion of beneficial mutation {unknown}
 l - 6 potions of curing
 o - 2 potions of mutation
 v - 3 potions of flight
 x - 3 potions of heal wounds
 z - 2 potions of might
Books
 t - a book of Maledictions

   Spells                             Type                      Level
   a - Corona                         Hexes                        1
   b - Ensorcelled Hibernation        Hexes/Ice                    2
   c - Confuse                        Hexes                        3
   d - Tukima's Dance                 Hexes                        3
   e - Dazzling Spray                 Conjuration/Hexes            3
   Trog disapproves of the use of such an item.
 D - a book of Clouds

   Spells                             Type                      Level
   a - Mephitic Cloud                 Conjuration/Poison/Air       3
   b - Conjure Flame                  Conjuration/Fire             3
   c - Poisonous Cloud                Conjuration/Poison/Air       6
   d - Freezing Cloud                 Conjuration/Ice/Air          6
   e - Ring of Flames                 Charms/Fire                  7
   Trog disapproves of the use of such an item.
Comestibles
 c - a bread ration


   Skills:
 + Level 8.2 Fighting
   Level 1.5 Long Blades
 * Level 10.7 Axes
 * Level 2.2 Throwing
 + Level 5.4 Armour
 + Level 8.6 Dodging
 + Level 3.2 Stealth


You had 10 spell levels left.
You didn't know any spells.

Dungeon Overview and Level Annotations

Branches:
Dungeon (10/15)            Temple (0/1) D:5
   Lair: D:8-11         Orc: D:9-12

Altars:
Elyvilon
Fedhas
Kikubaaqudgha
Makhleb
Okawaru
Pakellas
Ru
Sif Muna
Trog
Vehumet
Xom
Yredelemnul
The Shining One

Shops:
D:4 ?

Annotations:
D:8 exclusion: statue
D:10 Harold


Innate Abilities, Weirdness & Mutations

You have a pair of large antennae on your head (SInv).
You are mostly covered in icy blue scales (AC +3, EV -1).
You resist negative energy.
You regenerate a little health from kills.
You sometimes gain a little power by taking damage.
You possess an exceptional clarity of mind.
Your flesh is cold resistant.


Message History

Harold the Weathered comes into view.
He is wielding a battleaxe.
Harold shouts!
Harold casts a spell.
Harold blinks!
Harold is nearby!
Harold throws a throwing net.
The throwing net misses you. Harold casts a spell at you.
The bolt of fire hits you! The fire burns you terribly!
Ouch! That really hurt!
You focus on the pain.
You feel agile all of a sudden.
You slash Harold! You freeze Harold.
Harold is lightly wounded.
Harold hits you with a battleaxe!
You hit Harold but do no damage.
Harold is lightly wounded.
Harold casts a spell at you. The bolt of fire hits you!
The fire burns you terribly!
Ouch! That really hurt!
You die...

#..#.........###....#
#..#...........'....#
#..#...........#....#
#..##+#+#####....# .
#..#.....(.......#
..####...$.........#
...................#
.................}.#
.......@....########
......@.....#
............#
............#
..............
####...........
############


You could see Harold.

Vanquished Creatures
  Gastronok (D:8)
  Erolcha (D:9)
  A hill giant (D:10)
  An ugly thing (D:10)
  The ghost of blooo the Ruffian, a novice GrGl (D:3)
  A troll (D:10)
  5 yaks (D:7)
  A wyvern (D:8)
  3 hippogriffs (D:7)
  2 hungry ghosts (D:7)
  A water moccasin (D:5)
  4 ice beasts
  A sky beast (D:10)
  4 orc warriors
  6 ogres
  4 phantoms (D:5)
  7 centaurs
  3 big kobolds
  6 giant frogs
  A wyvern zombie (D:7)
  2 scorpions
  6 killer bees (D:10)
  5 wights (D:5)
  3 howler monkeys
  6 crimson imps
  A giant frog zombie (D:7)
  6 orc priests
  3 giant frog skeletons
  3 jellies
  5 hounds
  8 orc wizards
  A centaur skeleton (D:5)
  3 iguanas
  9 worker ants
  A hound skeleton (D:6)
  A hound zombie (D:10)
  2 worker ant zombies
  13 gnolls
  16 adders
  A river rat (D:5)
  2 shadow imps
  2 oozes
  4 adder skeletons
  4 worms
  10 giant geckos
  41 orcs
  5 bats
  8 giant cockroaches
  9 goblins
  6 hobgoblins
  2 jackals (Sewer)
  20 kobolds
  3 quokkas
  3 ball pythons
  A giant gecko skeleton (D:4)
  4 giant newts
  A quokka skeleton (D:5)
  A quokka zombie (D:9)
  8 rats
283 creatures vanquished.

Vanquished Creatures (others)
  A centaur (D:5)
1 creature vanquished.

Grand Total: 284 creatures vanquished

Notes
Turn   | Place    | Note
--------------------------------------------------------------
     0 | D:1      | LORDOFBUTT the Demonspawn Berserker began the quest for the Orb.
     0 | D:1      | Reached XP level 1. HP: 18/18 MP: 1/1
   126 | D:1      | Gained mutation: You regenerate a little health from kills. [demonic ancestry]
   126 | D:1      | Reached XP level 2. HP: 10/24 MP: 2/2
   746 | D:1      | You fall through a shaft!
   789 | D:2      | Reached skill level 3 in Axes
   789 | D:2      | Gained mutation: You are partially covered in icy blue scales (AC +1). [demonic ancestry]
   789 | D:2      | Reached XP level 3. HP: 29/29 MP: 3/3
  1510 | D:2      | Reached ** piety under Trog
  1565 | D:2      | Gained mutation: You have a pair of small antennae on your head. [demonic ancestry]
  1565 | D:2      | Reached XP level 4. HP: 23/37 MP: 4/4
  1790 | D:3      | Reached skill level 1 in Stealth
  1936 | D:3      | Found a blossoming altar of Fedhas.
  1936 | D:3      | Found an ancient bone altar of Kikubaaqudgha.
  2067 | D:3      | Found a bloodstained altar of Trog.
  2067 | D:3      | Found an iron altar of Okawaru.
  2290 | D:3      | Found a deep blue altar of Sif Muna.
  2301 | D:3      | Gained mutation: You have a pair of antennae on your head. [demonic ancestry]
  2301 | D:3      | Reached XP level 5. HP: 42/42 MP: 5/5
  2366 | D:3      | Noticed blooo's ghost (novice GrGl)
  2380 | D:3      | Killed blooo's ghost
  2380 | D:3      | Gained mutation: You sometimes gain a little power by taking damage. [demonic ancestry]
  2380 | D:3      | Reached XP level 6. HP: 33/49 MP: 6/6
  2582 | D:4      | Reached skill level 4 in Axes
  2730 | D:4      | Gained mutation: You have a pair of large antennae on your head (SInv). [demonic ancestry]
  2730 | D:4      | Reached XP level 7. HP: 25/55 MP: 7/7
  2847 | D:4      | Found Larimp's Magic Scroll Boutique.
  3032 | D:4      | Reached *** piety under Trog
  3055 | D:4      | Found a shimmering altar of Xom.
  3073 | D:4      | Reached skill level 5 in Fighting
  3073 | D:4      | Reached skill level 5 in Dodging
  3218 | D:5      | Entered Level 5 of the Dungeon
  3228 | D:5      | Reached skill level 5 in Axes
  3305 | D:5      | Found a glowing drain.
  3313 | Sewer    | Entered a sewer
  3385 | Sewer    | Reached XP level 8. HP: 62/62 MP: 8/8
  3406 | Sewer    | Found a white marble altar of Elyvilon.
  3510 | D:5      | Found an oddly glowing altar of Pakellas.
  4286 | D:5      | Reached skill level 6 in Axes
  4463 | D:5      | Gained mutation: You are mostly covered in icy blue scales (AC +3, EV -1). [demonic ancestry]
  4463 | D:5      | Reached XP level 9. HP: 63/69 MP: 9/9
  4578 | D:5      | Found a glowing golden altar of the Shining One.
  4654 | D:5      | Found a staircase to the Ecumenical Temple.
  4661 | D:5      | Reached **** piety under Trog
  4698 | D:5      | Got a jewelled long sword
  4742 | D:5      | Identified the cursed +0 long sword "Biyrhu" {vamp, rPois MP+9} (You found it on level 5 of the Dungeon)
  4851 | D:6      | Found a basalt altar of Yredelemnul.
  4946 | D:6      | Reached skill level 7 in Axes
  4966 | D:6      | Reached skill level 1 in Long Blades
  5140 | D:6      | Found a sacrificial altar of Ru.
  5366 | D:6      | Found a white marble altar of Elyvilon.
  5623 | D:7      | Gained mutation: You resist negative energy. [demonic ancestry]
  5623 | D:7      | Reached XP level 10. HP: 72/79 MP: 10/10
  5677 | D:7      | Received a gift from Trog
  5744 | D:7      | Reached skill level 8 in Axes
  6314 | D:8      | Noticed Gastronok
  6338 | D:8      | Killed Gastronok
  6338 | D:8      | Reached skill level 9 in Axes
  6338 | D:8      | Reached skill level 5 in Armour
  6349 | D:8      | Found a radiant altar of Vehumet.
  6735 | D:8      | Reached ***** piety under Trog
  7209 | D:9      | Reached skill level 10 in Axes
  7267 | D:9      | Received a gift from Trog
  7277 | D:9      | Reached XP level 11. HP: 86/86 MP: 11/11
  7345 | D:9      | Reached skill level 1 in Throwing
  7452 | D:9      | Noticed Erolcha
  7463 | D:9      | Killed Erolcha
  7630 | D:9      | Found a white marble altar of Elyvilon.
  7630 | D:9      | Found a burning altar of Makhleb.
  7695 | D:9      | Received a gift from Trog
  7698 | D:9      | Got a pitted battleaxe {god gift}
  7699 | D:9      | Identified the +2 battleaxe "Cuergheri" {freeze, rPois MR++ Int+2 SInv} (Trog gifted it to you on level 9 of the Dungeon)
  7764 | D:10     | Entered Level 10 of the Dungeon
  7764 | D:10     | Noticed a hill giant
  7779 | D:10     | Killed a hill giant
  8028 | D:10     | Noticed a purple ugly thing
  8037 | D:10     | Killed a purple ugly thing
  8093 | D:10     | Gained mutation: Your flesh is cold resistant. [mutagenic meat]
  8094 | D:10     | Gained mutation: You possess an exceptional clarity of mind. [mutagenic meat]
  8110 | D:10     | Noticed Harold
  8115 | D:10     | Killed from afar by Harold

Skill      XL: |  1  2  3  4  5  6  7  8  9 10 11 |
---------------+----------------------------------+-----
Dodging        | 2 3 4 5 6 7 8 |  8.6
Axes           | 3 4 5 6 7 10 | 10.7
Armour         | 2 4 5 |  5.4
Stealth        | 1 2 3 |  3.2
Fighting       | 4 5 6 7 8 |  8.2
Long Blades    | 1 |  1.5
Throwing       | 2 |  2.2

Action                   |  1- 3 |  4- 6 |  7- 9 | 10-12 || total
-------------------------+-------+-------+-------+-------++-------
Melee: Hand axe          |   116 |     4 |       |       ||   120
       War axe           |       |    85 |   401 |   351 ||   837
       Long sword        |       |       |   152 |       ||   152
       Battleaxe         |       |       |       |    49 ||    49
Throw: Tomahawk          |       |       |       |     5 ||     5
Invok: Berserk           |     1 |     2 |     4 |     6 ||    13
       Burn Spellbooks   |       |     1 |       |       ||     1
  Use: Scroll            |       |       |    12 |     7 ||    19
 Stab: Sleeping          |     2 |     2 |       |       ||     4
       Distracted        |     1 |       |       |       ||     1
  Eat: Meat ration       |     1 |       |       |       ||     1
       Fruit             |       |     4 |    13 |     2 ||    19
       Pizza             |       |     1 |       |     1 ||     2
       Chunk             |       |       |     3 |     6 ||     9
       Bread ration      |       |       |     3 |     3 ||     6
       Beef jerky        |       |       |     1 |       ||     1
Armor: Animal skin       |    22 |    19 |    24 |       ||    65
       Ice dragon armour |       |       |   302 |   208 ||   510
Dodge: Dodged            |    96 |    76 |   417 |   274 ||   863
